 Dungeon Crawl Stone Soup version 0.32-a0-22-g6ae6769602 (webtiles) character file.

Game seed: 2784815745666380081

2661 IdlyInterested the Changeling (level 9, -1/68 HPs)
             Began as a Demonspawn Shapeshifter on Jan 18, 2024.
             Slain by a yak (13 damage)
             ... on level 7 of the Dungeon.
             The game lasted 00:18:13 (6139 turns).

IdlyInterested the Changeling (DsSh)                Turns: 6139, Time: 00:18:14

Health: -1/68      AC:  6    Str: 14    XL:     9   Next: 36%
Magic:  12/12      EV: 17    Int: 20    God:
Gold:   285        SH:  4    Dex: 14    Spells: 9/12 levels left

rFire   . . .        N - +2 dagger (venom)
rCold   . . .        (no shield)
rNeg    . . .        r - +0 acid dragon scales
rPois   .            (helmet currently unavailable)
rElec   .            E - melded +0 cloak
rCorr   +            t - melded +0 pair of gloves
SInv    .            (boots currently unavailable)
Will    .....        (no amulet)
Stlth   ++           v - +6 ring of intelligence
HPRegen 0.31/turn    a - +5 ring of evasion
MPRegen 0.13/turn

%: no passive effects
@: beast-form
A: beast (slay +4), hooves 1, sturdy frame 1, condensation shield, demonic magic
2
a: Begin Untransformation


You were on level 7 of the Dungeon.
You were a hulking beast.
You visited 2 branches of the dungeon, and saw 8 of its levels.

You collected 285 gold pieces.

Inventory:

Hand Weapons
 e - a +0 dagger
 o - the +0 short sword "Ybbogibbu" {elec, rElec Int+3 Dex-3 SInv}
   (You found it on level 2 of the Dungeon)

   Int+3:     It affects your intelligence (+3).
   Dex-3:     It affects your dexterity (-3).
   rElec:     It insulates you from electricity.
   SInv:      It lets you see invisible.
 F - a +0 rapier
 N - a +2 dagger of venom (weapon)
Missiles
 k - 22 stones (quivered)
 m - 6 javelins
 A - a throwing net
 C - 6 darts of dispersal
 I - 6 boomerangs
Armour
 l - a +1 robe of willpower
 r - +0 acid dragon scales (worn)
 t - a +0 pair of gloves (melded)
 E - a +0 cloak (melded)
Jewellery
 a - a +5 ring of evasion (right hand)
 v - a +6 ring of intelligence (left hand)
 G - a +6 ring of intelligence
 M - a ring of wizardry
Talismans
 c - a beast talisman (active)
 d - a flux talisman
Wands
 D - a wand of polymorph (5)
Scrolls
 h - a scroll of butterflies {unknown}
 i - 4 scrolls of enchant armour {unknown}
 p - a scroll of identify
 u - 2 scrolls of blinking
 w - a scroll of silence {unknown}
 y - 2 scrolls of vulnerability
 z - a scroll of amnesia {unknown}
 B - 2 scrolls of poison
 J - a scroll of noise {unknown}
 L - 2 scrolls of fog
 O - a scroll of teleportation {unknown}
Potions
 b - a potion of lignification
 f - a potion of might
 g - a potion of berserk rage {unknown}
 j - a potion of mutation {unknown}
 n - a potion of enlightenment {unknown}
 q - a potion of brilliance {unknown}
 s - a potion of curing
 x - a potion of heal wounds {unknown}
 H - a potion of attraction {unknown}


   Skills:
 + Level 5.2 Fighting
 * Level 6.4 Short Blades
 - Level 1.0 Throwing
 - Level 1.0 Armour
 - Level 1.7 Dodging
 + Level 1.2 Stealth
 - Level 1.0 Shields
 - Level 2.6 Unarmed Combat
 - Level 2.0 Spellcasting
 - Level 2.0 Earth Magic
 - Level 2.0 Evocations
 - Level 7.0 Shapeshifting


You had 9 spell levels left.
You knew the following spells:

 Your Spells              Type           Power      Damage    Failure   Level
a - Passwall              Erth           10%        N/A       22%         3

Your spell library contained the following spells:

 Spells                   Type           Power      Damage    Failure   Level
 Sandblast                Erth           20%        2d7       8%          1
 Freeze                   Ice            8%         1d3       17%         1
 Stone Arrow              Conj/Erth      12%        3d7       34%         3
 Frozen Ramparts          Ice            4%         1d1       45%         3
 Hailstorm                Conj/Ice       2%         3d5       45%         3
 Summon Ice Beast         Ice/Summ       2%         N/A       45%         3
 Brom's Barrelling Bould  Conj/Erth      6%         2d3       75%         4
 Sculpt Simulacrum        Ice/Alch       1%         N/A       100%        6


Dungeon Overview and Level Annotations

Branches:
Dungeon (7/15)             Temple (1/1) D:4

Altars:
Ashenzari
Cheibriados
Dithmenos
Fedhas
Gozag
Kikubaaqudgha
Makhleb
Okawaru
Qazlal
Sif Muna
Trog
Uskayaw
Vehumet
Wu Jian
Xom
Yredelemnul

Shops:
D:2 =


Innate Abilities, Weirdness & Mutations

You are a hulking beast.
Your limbs bulge with bestial killing power. (Slay +4)
You have large cloven feet.
Your movements are slightly less encumbered by armour. (ER -2)
A meltable shield of frost defends you. (SH +4)
Spells you cast may paralyse nearby enemies.


Message History

You feel your intelligence returning.
Training target 2.0 for Evocations reached!
Your Evocations skill increases to level 2!
The yak completely misses you.
Things that are here:
a yak corpse; a yak corpse You barely miss the yak.
Your kick misses the yak. The yak gores you!
You hit the yak.
The yak is poisoned.
You kick the yak!
The yak is moderately wounded.
The yak misses you.
You hit the yak.
The yak looks as sick as possible!
You kick the yak!
The yak is heavily wounded.
The yak closely misses you.
You hit the yak. Your kick misses the yak.
The yak is severely wounded.
You hit the yak.
The yak looks as sick as possible!
You kick the yak!
The yak is almost dead.
You block the yak's attack. The yak gores you.
You hit the yak.
The yak is lightly wounded.
The yak completely misses you. The yak gores you.
You hit the yak.
You kill the yak!
Training target 7.0 for Shapeshifting reached!
Your Shapeshifting skill increases to level 7!
You hit the yak.
The yak is poisoned.
The yak is lightly wounded.
The yak completely misses you.
You hit the yak.
The yak looks as sick as possible!
Your kick misses the yak.
The yak is lightly wounded.
The yak gores you.
* * * LOW HITPOINT WARNING * * *
You hit the yak.
The yak looks as sick as possible!
Your punch misses the yak.
The yak is moderately wounded.
You hit the yak.
The yak looks as sick as possible!
You kick the yak.
The yak is heavily wounded.
The yak gores you!
* * * LOW HITPOINT WARNING * * *
You feel better. The yak gores you!
You die...

.. ... ...#.#...# #... # #. ..
.........# #... #..<#...
........# #...
.#......##.......# #...
................# #... #..#
#..........# #... .#####..#
#......# #...
........#######......# #...
#######...Yh†........# #...
###############.........# ####
#.......................# ...
#.###...............#...# ...
#.###'########.######...# ...
#.......# #.# #...#######
#.......######+## #..........
#...............#####..........
#...............##.............


You could see a yak (extremely poisoned).

Vanquished Creatures
  Prince Ribbit (D:6)
  Sigmund (D:3)
  A wyvern (D:7)
  4 yaks (D:7)
  A steam dragon (D:7)
  3 water moccasins (D:7)
  An orc warrior (D:4)
  An ice beast (D:7)
  An ogre (D:7)
  3 howler monkeys
  A hound (D:6)
  Crazy Yiuf (D:3)
  3 jellies
  2 bombardier beetles
  4 orc priests
  4 iguanas
  An orc wizard (D:4)
  14 gnolls
  5 adders
  2 dart slugs
  4 ribbon worms
  17 orcs
  3 ball pythons
  6 endoplasms
  2 giant cockroaches (D:2)
  4 goblins
  7 hobgoblins
  5 jackals
  3 kobolds
  10 quokkas
  4 bats
  4 frilled lizards
  4 rats (D:2)
127 creatures vanquished.

Notes
Turn   | Place    | Note
-------+----------+-------------------------------------------
     0 | D:1      | IdlyInterested the Demonspawn Shapeshifter began the quest
                  | for the Orb.
     0 | D:1      | Reached XP level 1. HP: 15/15 MP: 1/1
   118 | D:1      | Gained mutation: You have large cloven feet. [demonic
                  | ancestry]
   118 | D:1      | Reached XP level 2. HP: 17/21 MP: 2/2
   149 | D:1      | Reached skill level 3 in Shapeshifting
  1101 | D:2      | Found a faded altar of an unknown god.
  1114 | D:2      | Reached skill level 1 in Armour
  1120 | D:2      | Reached XP level 3. HP: 12/26 MP: 3/3
  1204 | D:2      | Identified the +0 short sword "Ybbogibbu" {elec, rElec
                  | Int+3 Dex-3 SInv}
  1341 | D:2      | Gained mutation: A meltable shield of frost defends you.
                  | (SH +4) [demonic ancestry]
  1341 | D:2      | Reached XP level 4. HP: 28/33 MP: 4/4
  1383 | D:2      | Reached skill level 1 in Stealth
  1392 | D:2      | Identified the +11 trident "Filif" {freeze, ^Fragile rF+
                  | Dex+3 Stlth+}
  1620 | D:2      | Found Xaucu's Jewellery Shop.
  1759 | D:2      | Reached skill level 4 in Shapeshifting
  1911 | D:2      | Gained mutation: Spells you cast may paralyse adjacent
                  | enemies. [demonic ancestry]
  1911 | D:2      | Reached XP level 5. HP: 39/39 MP: 5/5
  1979 | D:2      | Reached skill level 1 in Throwing
  2195 | D:3      | Found a shadowy altar of Dithmenos.
  2265 | D:3      | Found a runed translucent door.
  2266 | D:3      | Noticed Crazy Yiuf
  2396 | D:3      | Reached skill level 1 in Short Blades
  2406 | D:3      | Found an ornate altar of the Wu Jian Council.
  2694 | D:3      | Noticed Sigmund
  2717 | D:3      | Killed Sigmund
  2718 | D:3      | Reached skill level 1 in Spellcasting
  2718 | D:3      | Gained mutation: Spells you cast may paralyse nearby
                  | enemies. [demonic ancestry]
  2718 | D:3      | Reached XP level 6. HP: 20/47 MP: 5/7
  3249 | D:3      | Killed Crazy Yiuf
  3323 | D:4      | Noticed an orc warrior
  3327 | D:4      | You fall into a shaft and drop 2 floors!
  3409 | D:6      | Reached XP level 7. HP: 51/52 MP: 8/8
  3456 | D:6      | Found a burning altar of Makhleb.
  3560 | D:5      | Entered Level 5 of the Dungeon
  3607 | D:5      | Reached skill level 5 in Shapeshifting
  3709 | D:4      | Reached skill level 1 in Evocations
  4359 | D:4      | Found a staircase to the Ecumenical Temple.
  4365 | Temple   | Entered the Ecumenical Temple
  4745 | D:5      | Reached skill level 1 in Shields
  5113 | D:5      | Learned a level 3 spell: Passwall
  5293 | D:6      | Noticed Prince Ribbit
  5306 | D:6      | Killed Prince Ribbit
  5307 | D:6      | Gained mutation: Your movements are slightly less
                  | encumbered by armour. (ER -2) [demonic ancestry]
  5307 | D:6      | Reached XP level 8. HP: 60/60 MP: 8/10
  5310 | D:6      | Identified the +7 chain mail "Xodoijay" {-Cast rPois Dex+3}
  5516 | D:7      | Reached skill level 6 in Shapeshifting
  5747 | D:7      | Reached skill level 5 in Short Blades
  5754 | D:7      | Reached skill level 1 in Earth Magic
  6051 | D:7      | Reached XP level 9. HP: 67/67 MP: 12/12
  6115 | D:7      | Reached skill level 5 in Fighting
  6135 | D:7      | Reached skill level 7 in Shapeshifting
  6139 | D:7      | Slain by a yak

Illustrated notes

Levels and vault maps discovered:
D:1:      dpeg_arrival_chambers_temple_mockup, layout_basic, minmay_liquid_box,
          item_on_display_b
D:2:      layout_basic, dreamdust_ecumenical_altar_grove, serial_shops,
          nicolae_shop_stone
D:3:      layout_basic, nicolae_wu_jian_wuxing_cycle, lemuel_doored_altar,
          uniq_sigmund, uniq_crazy_yiuf_cottage
D:4:      layout_basic, temple_statues
D:5:      layout_cave_pools, zin_treasury, kennysheep_doodads
D:6:      layout_rooms, mainiacjoe_overflow_brackets, uniq_prince_ribbit1
D:7:      layout_basic, david_defended_altar_orc
Temple:   eino_wide_crystal_templ

Skill      XL: |  1  2  3  4  5  6  7  8  9 |
---------------+----------------------------+-----
Shapeshifting  | 3 4 5 6 7 |  7.0
Armour         | 1 |  1.0
Fighting       | 2 3 4 5 |  5.2
Stealth        | 1 |  1.2
Throwing       | 1 |  1.0
Short Blades   | 2 4 5 6 |  6.4
Spellcasting   | 1 2 |  2.0
Evocations     | 1 2 |  2.0
Shields        | 1 |  1.0
Earth Magic    | 2 |  2.0
Dodging        | |  1.7
Unarmed Combat | |  2.6

Action                     |  1- 3 |  4- 6 |  7- 9 || total
---------------------------+-------+-------+-------++-------
  Melee: Unarmed           |    58 |     4 |       ||    62
         Kick              |    11 |    33 |    68 ||   112
         Short sword       |    13 |   125 |   103 ||   241
         Punch             |       |     5 |     3 ||     8
         Dagger            |       |       |    92 ||    92
  Throw: Stone             |       |     4 |     8 ||    12
         Javelin           |       |       |     1 ||     1
Ability: Begin Untransform |       |     2 |       ||     2
    Use: Potion            |       |     1 |     3 ||     4
         Scroll            |       |       |     4 ||     4
   Stab: Sleeping          |     2 |       |     3 ||     5
 Armour: Animal skin       |    20 |       |       ||    20
         Robe              |    13 |       |       ||    13
         Acid dragon scale |       |    47 |    69 ||   116
         Skin              |       |     1 |       ||     1
  Dodge: Dodged            |    49 |    56 |   116 ||   221
  Block: Other             |       |    12 |    16 ||    28
   Form: Beast             |       |     2 |       ||     2

Table legend: (Time is in decaauts)
 A = Elapsed time spent in this place.
 B = Non-inter-level travel time spent in this place.
 C = Inter-level travel time spent in this place.
 D = Time resting spent in this place.
 E = Time spent auto-exploring this place.
 F = Levels seen in this place.
 G = Mean time per level.
                   A        B        C        D        E       F      G
               +--------+--------+--------+--------+--------+-----+--------+
         Total |   6087 |   5766 |    321 |    784 |   3649 |   8 |  760.9 |
       Dungeon |   6085 |   5764 |    321 |    784 |   3649 |   7 |  869.3 |
        Temple |      1 |      1 |      0 |      0 |      0 |   1 |    1.0 |
               +--------+--------+--------+--------+--------+-----+--------+

Top non-repeatable levels by time:
     D:1: 1158 daAuts
     D:3: 1136 daAuts
     D:4: 1044 daAuts
     D:2: 1014 daAuts
     D:7: 623 daAuts
     D:6: 554 daAuts
     D:5: 553 daAuts
  Temple: 1 daAuts
